 Dungeon Crawl Stone Soup version 0.28.0-45-g0d030f2227 (webtiles) character file.

Game seed: 2847276178365448862

31 leafyfresh the Magician (level 3, -2/19 HPs)
             Began as a Kobold Hedge Wizard on Apr 8, 2022.
             Slain by a goblin
             ... wielding a +0 club
             ... led by Robin
              (6 damage)
             ... on level 2 of the Dungeon.
             The game lasted 00:02:05 (1966 turns).

leafyfresh the Magician (Kobold Hedge Wizard)       Turns: 1966, Time: 00:02:05

Health: -2/19      AC:  2    Str:  7    XL:     3   Next: 40%
Magic:  8/8        EV: 15    Int: 15    God:
Gold:   99         SH:  0    Dex: 16    Spells: 8/9 levels left

rFire   . . .      SeeInvis .   a - +0 dagger
rCold   . . .      Faith    .   (no shield)
rNeg    . . .      Spirit   .   b - +0 robe
rPois   .          Reflect  .   c - +0 hat
rElec   .          Harm     .   (no cloak)
rCorr   .          Rampage  .   (no gloves)
Will    .....                   (no boots)
Stlth   +++.......              (no amulet)
HPRegen 0.06/turn               (no ring)
MPRegen 0.11/turn               (no ring)

@: no status effects
A: small, no large weapons, nightstalker 3
a: no special abilities


You were on level 2 of the Dungeon.
You visited 1 branch of the dungeon, and saw 2 of its levels.

You collected 99 gold pieces.

Inventory:

Hand Weapons
 a - a +0 dagger (weapon)
Armour
 b - a +0 robe (worn)
 c - a +0 hat (worn)
Scrolls
 d - a scroll of vulnerability {unknown}
 e - 2 scrolls of identify {unknown}
 f - a scroll of enchant armour {unknown}
Potions
 g - a potion of haste {unknown}


   Skills:
 + Level 2.8 Dodging
 + Level 3.0 Stealth
 + Level 3.8 Spellcasting
 + Level 1.2 Conjurations
 + Level 1.2 Summonings
 + Level 1.3 Translocations


You had 8 spell levels left.
You knew the following spells:

 Your Spells              Type           Power      Damage    Failure   Level
a - Magic Dart            Conj           24%        1d4       11%         1

Your spell library contained the following spells:

 Spells                   Type           Power      Damage    Failure   Level
 Blink                    Tloc           14%        N/A       16%         2
 Call Imp                 Summ           6%         N/A       17%         2
 Slow                     Hex            8%         N/A       19%         1
 Conjure Flame            Conj/Fire      4%         6-21      38%         3
 Mephitic Cloud           Conj/Pois/Air  4%         N/A       43%         3


Dungeon Overview and Level Annotations

Branches:
Dungeon (2/15)

Altars:

Annotations:
D:2 Robin


Innate Abilities, Weirdness & Mutations

You are small and have problems with some larger weapons.
You are completely attuned to the shadows.


Message History

The hobgoblin shouts!
Robin shouts!
The hobgoblin shouts!
You hear a shout!
The hobgoblin shouts!
You hear a shout! x2
You hit the dart slug.
The dart slug is moderately wounded.
The dart slug completely misses you. Robin throws the goblin at you!
The goblin hits you with a club.
You hit the dart slug.
The dart slug is heavily wounded.
The hobgoblin completely misses you. The dart slug launches a dart at you.
The slug dart misses you. Robin throws the goblin at you!
The goblin barely misses you.
You hit the dart slug.
You punch the dart slug, but do no damage.
The dart slug is severely wounded.
The hobgoblin misses you. The goblin barely misses you.
The dart slug misses you. The goblin hits you with a +0 club.
The goblin misses you.
A goblin comes into view. It is wielding a +0 club.
You hit the dart slug but do no damage.
The dart slug is severely wounded.
The hobgoblin hits you. The goblin barely misses you.
Robin roars a battlecry!
The goblins go into a battle-frenzy!
The goblin closely misses you.
You hit the dart slug.
The dart slug is almost dead.
The hobgoblin hits you. The dart slug barely misses you.
The goblin hits you with a +0 club.
* * * LOW HITPOINT WARNING * * *
The goblin closely misses you.
A hobgoblin comes into view.
The goblin misses you. The hobgoblin completely misses you.
There are monsters nearby!
You hit the dart slug.
You kill the dart slug!
The hobgoblin closely misses you.
The hobgoblin hits you but does no damage.
The goblin hits you with a +0 club.
You die...

#### ##+#### #...
......######### #...
....g.##......# #...
g.gggg+.......# #...
#.gg@g#.......# #...
#..ggg##..(...####...
+?....''...)).+......
#.....##......###....
#.....##......##.....
....###......##..#..
... ##+#......+..
#....#.#..
......#.#..


You could see Robin, 5 hobgoblins and 6 goblins.

Vanquished Creatures
  3 dart slugs
  6 ball pythons
  3 endoplasms (D:1)
  2 goblins (D:1)
  4 hobgoblins
  4 kobolds
  A frilled lizard (D:1)
  3 rats
26 creatures vanquished.

Vanquished Creatures (others)
  65 plants (D:1)
65 creatures vanquished.

Grand Total: 91 creatures vanquished

Notes
Turn   | Place    | Note
-------+----------+-------------------------------------------
     0 | D:1      | leafyfresh the Kobold Hedge Wizard began the quest for the
                  | Orb.
     0 | D:1      | Reached XP level 1. HP: 10/10 MP: 4/4
   672 | D:1      | Reached XP level 2. HP: 15/15 MP: 6/6
  1260 | D:1      | Reached XP level 3. HP: 19/19 MP: 8/8
  1658 | D:1      | Found a faded altar of an unknown god.
  1958 | D:2      | Noticed Robin
  1966 | D:2      | Slain by a goblin

Illustrated notes

Levels and vault maps discovered:
D:1:      roderic_crop_circles_arrival_small, layout_loops_cross,
          shapermc_ecumenical_altar_mp_urbaneastern, minmay_shallow_snake_nest
D:2:      layout_basic, uniq_robin

Skill      XL: |  1  2  3 |
---------------+----------+-----
Stealth        | 3 |  3.0
Dodging        | |  2.8
Spellcasting   | |  3.8
Conjurations   | |  1.2
Summonings     | |  1.2
Translocations | |  1.3

Action                   || total
-------------------------++-------
Melee: Dagger            ||    85
       Punch             ||     2
 Cast: Magic Dart        ||     6
 Stab: Sleeping          ||    13
Armor: Robe              ||    11
Dodge: Dodged            ||    55
